 Dungeon Crawl Stone Soup version 0.17-a0-1951-g62301d3 (webtiles) character file.

585 Geeful the Vexing (level 7, 0/32 HPs)
             Began as a Vine Stalker Enchanter on Oct 2, 2015.
             Was an Initiate of Elyvilon.
             Slain by a black bear (1 damage)
             ... on level 5 of the Dungeon.
             The game lasted 00:15:18 (3271 turns).

Geeful the Vexing (Vine Stalker Enchanter)          Turns: 3271, Time: 00:15:18

Health: 0/32       AC:  5    Str: 10    XL:     7   Next: 37%
Magic:  0/12       EV:  7    Int: 16    God:    Elyvilon [......]
Gold:   255        SH:  0    Dex: 16    Spells: 4 memorised, 3 levels left

rFire  . . .     SeeInvis .     a - +1 dagger
rCold  . . .     Clarity  .     b - +1 robe
rNeg   . . .     SustAt   .     (no shield)
rPois  .         Gourm    .     m - +2 hat
rElec  .         Spirit   +     (no cloak)
rCorr  .         Warding  .     (no gloves)
rMut   .         Stasis   .     (no boots)
MR     .....                    (no amulet)
Stlth  +++.......               (no ring)
                                (no ring)

@: not resistant to hostile enchantments, fairly stealthy
A: fangs 2, regeneration 2, magic shield, antimagic bite, no device heal 3, rot
immunity
a: Renounce Religion


You were on level 5 of the Dungeon.
You worshipped Elyvilon.
Elyvilon was noncommittal.
You were near starving.

You visited 2 branches of the dungeon, and saw 6 of its levels.

You collected 255 gold pieces.

Inventory:

Hand weapons
 a - a +1 dagger (weapon)
Missiles
 o - 24 poisoned needles
Armour
 b - a +1 robe (worn)
 m - a +2 hat (worn)
Magical devices
 s - a wand of slowing (28)
 z - a wand of frost (15)
Scrolls
 e - 2 scrolls of recharging {unknown}
 f - a scroll of fear {unknown}
 g - 5 scrolls of identify {unknown}
 i - 2 scrolls of teleportation {unknown}
 j - a scroll of magic mapping {unknown}
 n - 2 scrolls of remove curse {unknown}
 w - a scroll of blinking {unknown}
 x - a scroll of fog {unknown}
 y - a scroll of immolation {unknown}
Potions
 h - a potion of curing {unknown}
 l - a potion of agility
 p - a potion of brilliance {unknown}
 r - 2 potions of heal wounds {unknown}
 t - a potion of cancellation {unknown}
 u - 3 potions of haste
Books
 c - a book of Maledictions

   Spells                             Type                      Level
   a - Corona                         Hexes                        1
   b - Ensorcelled Hibernation        Hexes/Ice                    2
   c - Confuse                        Hexes                        3
   d - Tukima's Dance                 Hexes                        3
   e - Dazzling Spray                 Conjuration/Hexes            3
Comestibles
 d - a bread ration
 k - 2 fruits
 q - 2 slices of pizza
 v - 2 meat rations


   Skills:
 - Level 0.8 Short Blades
 - Level 1.5 Dodging
 + Level 6.4 Stealth
 - Level 3.2 Spellcasting
 + Level 6.7 Hexes


You had 3 spell levels left.
You knew the following spells:

 Your Spells              Type           Power        Failure   Level  Hunger
a - Corona                Hex            ###....      1%          1    None
b - Ensorcelled Hibernat  Hex/Ice        ##....       10%         2    ##.....
c - Confuse               Hex            ###.....     3%          3    ###....
d - Tukima's Dance        Hex            ###.....     3%          3    ###....


Dungeon Overview and Level Annotations

Branches:
Dungeon (5/15)             Temple (1/1) D:4

Altars:
Dithmenos
Elyvilon
Fedhas
Kikubaaqudgha
Makhleb
Nemelex Xobeh
Okawaru
Trog
Xom
Zin


Innate Abilities, Weirdness & Mutations

You have extremely sharp teeth.
You heal very quickly.
When hurt, damage is shared between your health and your magic reserves.
Your bite disrupts and absorbs the magic of your enemies.
Potions and wands cannot restore your health.
You are immune to rotting.


Message History

Confirm with . or Enter, or press ? or * to list all spells.
You can't see any susceptible monsters within range! (Use Z to cast anyway.) Unknown command.
Casting: Ensorcelled Hibernation
Confirm with . or Enter, or press ? or * to list all spells.
You can't see any susceptible monsters within range! (Use Z to cast anyway.)
Casting: Ensorcelled Hibernation
Confirm with . or Enter, or press ? or * to list all spells.
Aiming: Confuse
Press: ? - help, Shift-Dir - straight line, f - black bear
Aim: a black bear (almost dead, berserk, fast, unusually strong, chance to defeat MR: 53%)
The black bear resists with significant effort.
The black bear bites you. The black bear claws you. The black bear claws you.
The black bear bites you. The black bear misses you. The black bear claws you.
The black bear bites you!
* * * LOW HITPOINT WARNING * * *
The black bear claws you.
* * * LOW HITPOINT WARNING * * *
The black bear claws you.
You die...

......#
.....#
.....#
....#
....
#..#
#..####
#@....#
##h##.#
.# ..
...
....
....#
.#.##


You could see a black bear (berserk).

Vanquished Creatures
  A phantom (D:4)
  2 ogres (D:4)
  A scorpion (D:4)
  A crimson imp (D:5)
  2 orc priests (D:3)
  Natasha (thrice) (D:4)
  3 worker ants (D:4)
  7 adders
  A worm (D:4)
  4 giant geckos (D:4)
  3 orcs (D:3)
  10 bats
  4 giant cockroaches
  9 goblins
  9 hobgoblins
  5 jackals
  3 quokkas
  A ball python (D:2)
  7 giant newts
  A jackal skeleton (D:4)
  10 kobolds
  A quokka skeleton (D:4)
  8 rats
96 creatures vanquished.

Notes
Turn   | Place    | Note
--------------------------------------------------------------
     0 | D:1      | Geeful the Vine Stalker Enchanter began the quest for the Orb.
     0 | D:1      | Reached XP level 1. HP: 9/9 MP: 4/4
   129 | D:1      | Reached XP level 2. HP: 13/13 MP: 6/6
   133 | D:1      | Learned a level 2 spell: Ensorcelled Hibernation
   399 | D:1      | Reached skill level 4 in Hexes
   538 | D:1      | Reached XP level 3. HP: 16/16 MP: 7/7
  1281 | D:2      | Reached XP level 4. HP: 21/21 MP: 8/8
  1289 | D:2      | Learned a level 3 spell: Confuse
  1535 | D:3      | Noticed an angel
  1545 | D:3      | Found a glowing silver altar of Zin.
  1665 | D:3      | Reached skill level 5 in Hexes
  1686 | D:3      | Reached XP level 5. HP: 19/24 MP: 6/10
  1831 | D:3      | Learned a level 3 spell: Tukima's Dance
  2183 | D:3      | Found a shimmering altar of Xom.
  2351 | D:4      | Found a staircase to the Ecumenical Temple.
  2361 | Temple   | Entered the Ecumenical Temple
  2375 | Temple   | Became a worshipper of Elyvilon the Healer
  2511 | D:4      | Gained mutation: You heal very quickly. [Vine Stalker growth]
  2511 | D:4      | Reached XP level 6. HP: 28/28 MP: 11/11
  2711 | D:4      | Noticed an ogre
  2712 | D:4      | Noticed an ogre
  2731 | D:4      | Reached skill level 6 in Hexes
  2737 | D:4      | Killed an ogre
  2737 | D:4      | Reached skill level 5 in Stealth
  2852 | D:4      | Killed an ogre
  2943 | D:4      | Noticed Natasha
  2943 | D:4      | Noticed a phantom
  2966 | D:4      | Killed Natasha
  2966 | D:4      | Reached XP level 7. HP: 30/32 MP: 0/12
  2991 | D:4      | Noticed Natasha
  3000 | D:4      | Killed Natasha
  3041 | D:4      | Killed a phantom
  3225 | D:4      | Noticed Natasha
  3237 | D:4      | Killed Natasha
  3261 | D:5      | Entered Level 5 of the Dungeon
  3271 | D:5      | HP: 1/32 [black bear (2)]
  3271 | D:5      | Slain by a black bear

Vault maps used:
D:1:      saegor_arrival_under_anarchy
D:2:      kennysheep_big_empty_room
D:3:      grunt_temple_overflow_order_and_chaos_1
D:4:      minmay_temple_entry_steel_oval, uniq_natasha
D:5:      serial_shops, nicolae_shop_behind_doors, first_bread
Temple:   zaba_magenta_temple_12

Action                   |  1- 3 |  4- 6 |  7- 9 || total
-------------------------+-------+-------+-------++-------
Melee: Dagger            |   149 |   124 |    50 ||   323
 Cast: Corona            |     3 |       |       ||     3
       Ensorcelled Hiber |     8 |    27 |     2 ||    37
       Confuse           |       |     6 |     8 ||    14
 Stab: Sleeping          |    15 |    26 |     4 ||    45
  Eat: Chunk             |     2 |     7 |     1 ||    10
